TOP OF THE 1ST |
Lancaster JetHawks batting - Pitching for Richmond Flying Squirrels : RHP Tony Nateras
|
Pitching: RHP Tony Nateras
|
|
Batting: RHB Omar Amaya
|
0-0: Ball 1-0: Called Strike 1-1: Foul Ball, location: 2F 1-2: Ball 2-2: Ball 3-2: Fly out, F9 (Flyball, 9LMF, EV 78.8 MPH)
|
Batting: LHB Bob Dietz
|
0-0: SINGLE (Groundball, 6, EV 97.5 MPH)
|
Batting: RHB Bruce Bermudez
|
0-0: Called Strike Bob Dietz steals 2nd, throwing error, E2 Bob Dietz to third 0-1: Ball 1-1: Called Strike 1-2: Strikes out swinging
|
Batting: LHB Daigo Ishii
|
0-0: Swinging Strike 0-1: Ball 1-1: Ball 2-1: Ball 3-1: Foul Ball, location: 2F 3-2: Fly out, F9 (Flyball, 9LM, EV 103.8 MPH)
|
Top of the 1st over - 0 runs, 1 hit, 1 error, 1 left on base; Lancaster 0 - Richmond 0 |
BOTTOM OF THE 1ST |
Richmond Flying Squirrels batting - Pitching for Lancaster JetHawks : RHP Alexander Hagan
|
Pitching: RHP Alexander Hagan
|
|
Batting: RHB Armando Ramirez
|
0-0: Fly out, F9 (Flyball, 9S, EV 77.5 MPH)
|
Batting: RHB Vinny Torres
|
0-0: Ball 1-0: Ball 2-0: Foul Ball, location: 2F 2-1: Foul Ball, location: 2F 2-2: Foul Ball, location: 2F 2-2: Ground out 6-3 (Groundball, 6, EV 88.8 MPH)
|
Batting: RHB Tony Harper
|
0-0: Called Strike 0-1: Ball 1-1: Swinging Strike 1-2: Ground out 5-3 (Groundball, 56S, EV 87.5 MPH)
|
Bottom of the 1st over - 0 runs, 0 hits, 0 errors, 0 left on base; Lancaster 0 - Richmond 0 |
TOP OF THE 2ND |
Lancaster JetHawks batting - Pitching for Richmond Flying Squirrels : RHP Tony Nateras
|
Batting: LHB Danny Wolver
|
0-0: Swinging Strike 0-1: DOUBLE (Flyball, 8LXD, EV 97.5 MPH)
|
Batting: RHB Workneh Lagat
|
0-0: Ball Passed Ball! Danny Wolver to third 1-0: Ball Passed Ball! Danny Wolver scores 2-0: Ground out 5-3 (Groundball, 5, EV 92.5 MPH)
|
Batting: RHB Alex Campos
|
0-0: Ball 1-0: Ball 2-0: Ball 3-0: Called Strike 3-1: Ground out 2-3 (Groundball, 2L, EV 62.5 MPH)
|
Batting: RHB Evan Fry
|
0-0: Ball 1-0: Ball 2-0: Ball 3-0: Base on Balls
|
Batting: LHB Bob Govella
|
0-0: SINGLE (Groundball, 5, EV 104.4 MPH) Evan Fry to second Runner from 2nd tries for 3rd, OUT! 7-5
|
Top of the 2nd over - 1 run, 2 hits, 0 errors, 1 left on base; Lancaster 1 - Richmond 0 |
BOTTOM OF THE 2ND |
Richmond Flying Squirrels batting - Pitching for Lancaster JetHawks : RHP Alexander Hagan
|
Batting: LHB Oscar Tamayo
|
0-0: Called Strike 0-1: Swinging Strike 0-2: Ball 1-2: Ball 2-2: Strikes out swinging
|
Batting: RHB Jaime Rios
|
0-0: Called Strike 0-1: Fly out, F9 (Line Drive, 9, EV 105.0 MPH)
|
Batting: RHB Tsugio Yamaguchi
|
0-0: Fly out, F8 (Flyball, 8LXD, EV 93.8 MPH)
|
Bottom of the 2nd over - 0 runs, 0 hits, 0 errors, 0 left on base; Lancaster 1 - Richmond 0 |
TOP OF THE 3RD |
Lancaster JetHawks batting - Pitching for Richmond Flying Squirrels : RHP Tony Nateras
|
Batting: RHB Omar Amaya
|
0-0: Called Strike 0-1: Ball 1-1: DOUBLE (Line Drive, 78D, EV 111.2 MPH)
|
Batting: LHB Bob Dietz
|
0-0: Ball 1-0: Ball Passed Ball! Omar Amaya to third 2-0: Ground out 5-3 (Groundball, 5, EV 85.0 MPH)
|
Batting: RHB Bruce Bermudez
|
0-0: Fly out, F7 (Flyball, 7D, EV 91.9 MPH) Runner from 3rd tags up, SCORES, no throw by LF
|
Batting: LHB Daigo Ishii
|
0-0: Ball 1-0: Ball 2-0: Called Strike 2-1: Ball 3-1: Foul Ball, location: 2F 3-2: Base on Balls
|
Batting: LHB Danny Wolver
|
0-0: Called Strike 0-1: Foul Ball, location: 2F 0-2: Ball 1-2: Ball 2-2: Strikes out swinging
|
Top of the 3rd over - 1 run, 1 hit, 0 errors, 1 left on base; Lancaster 2 - Richmond 0 |
BOTTOM OF THE 3RD |
Richmond Flying Squirrels batting - Pitching for Lancaster JetHawks : RHP Alexander Hagan
|
Batting: RHB Ricky Aguilar
|
0-0: Ball 1-0: Called Strike 1-1: Ground out 6-3 (Groundball, 6M, EV 101.2 MPH)
|
Batting: RHB Noe Oliva
|
0-0: Swinging Strike 0-1: Foul Ball, location: 2F 0-2: Ball 1-2: Ball 2-2: SINGLE (Groundball, 6MD, EV 100.6 MPH)
|
Batting: RHB Glen Limeburner
|
0-0: Called Strike 0-1: Foul Ball, location: 2F 0-2: Strikes out swinging
|
Batting: RHB Armando Ramirez
|
0-0: Ball Pickoff Play to 1st, Runner tries for 2nd, OUT after rundown.
|
Bottom of the 3rd over - 0 runs, 1 hit, 0 errors, 0 left on base; Lancaster 2 - Richmond 0 |
TOP OF THE 4TH |
Lancaster JetHawks batting - Pitching for Richmond Flying Squirrels : RHP Tony Nateras
|
Batting: RHB Workneh Lagat
|
0-0: Swinging Strike 0-1: SINGLE (Groundball, 4M, EV 105.0 MPH) (infield hit)
|
Batting: RHB Alex Campos
|
0-0: Ball 1-0: Ball 2-0: Foul Ball, location: 2F 2-1: Ball 3-1: Called Strike 3-2: Foul Ball, location: 2F 3-2: Foul Ball, location: 2F 3-2: Strikes out looking
|
Batting: RHB Evan Fry
|
0-0: Ball Workneh Lagat is caught stealing 2nd base 2-4 1-0: Fly out, F3 (Line Drive, 3, EV 70.6 MPH)
|
Top of the 4th over - 0 runs, 1 hit, 0 errors, 0 left on base; Lancaster 2 - Richmond 0 |
BOTTOM OF THE 4TH |
Richmond Flying Squirrels batting - Pitching for Lancaster JetHawks : RHP Alexander Hagan
|
Batting: RHB Armando Ramirez
|
0-0: Ball 1-0: Ball 2-0: Ball 3-0: Called Strike 3-1: SINGLE (Flyball, 56D, EV 95.0 MPH)
|
Batting: RHB Vinny Torres
|
0-0: Ball Wild Pitch! Armando Ramirez to second 1-0: DOUBLE (Groundball, 5L, EV 105.6 MPH) Armando Ramirez scores
|
Batting: RHB Tony Harper
|
0-0: Ball Vinny Torres steals 3rd base 1-0: Ball 2-0: Ball 3-0: Called Strike 3-1: Fly out, F8 (Line Drive, 8RM, EV 93.8 MPH)
|
Batting: LHB Oscar Tamayo
|
0-0: Ball 1-0: Called Strike 1-1: Fly out, F4 (Popup, 34S, EV 79.4 MPH)
|
Batting: RHB Jaime Rios
|
0-0: Called Strike 0-1: Swinging Strike 0-2: Ball 1-2: Ball 2-2: Foul Ball, location: 2F 2-2: Reached on error, E4 (Groundball, 4, EV 98.8 MPH) Vinny Torres scores
|
Batting: RHB Tsugio Yamaguchi
|
0-0: Ball 1-0: Ground out 6-3 (Groundball, 6, EV 91.2 MPH)
|
Bottom of the 4th over - 2 runs, 2 hits, 1 error, 1 left on base; Lancaster 2 - Richmond 2 |
TOP OF THE 5TH |
Lancaster JetHawks batting - Pitching for Richmond Flying Squirrels : RHP Tony Nateras
|
Batting: LHB Bob Govella
|
0-0: Ball 1-0: Called Strike 1-1: Swinging Strike 1-2: Strikes out swinging
|
Batting: RHB Omar Amaya
|
0-0: Called Strike 0-1: Called Strike 0-2: Fly out, F8 (Line Drive, 78D, EV 90.0 MPH)
|
Batting: LHB Bob Dietz
|
0-0: Ball 1-0: Ball 2-0: Foul Ball, location: 2F 2-1: Ball 3-1: Base on Balls
|
Batting: RHB Bruce Bermudez
|
0-0: Called Strike 0-1: Swinging Strike 0-2: Ball Passed Ball! Bob Dietz to second 1-2: Strikes out swinging
|
Top of the 5th over - 0 runs, 0 hits, 0 errors, 1 left on base; Lancaster 2 - Richmond 2 |
BOTTOM OF THE 5TH |
Richmond Flying Squirrels batting - Pitching for Lancaster JetHawks : RHP Alexander Hagan
|
Batting: RHB Ricky Aguilar
|
0-0: Called Strike 0-1: Foul Ball, location: 2F 0-2: Ball 1-2: Strikes out looking
|
Batting: RHB Noe Oliva
|
0-0: Ball 1-0: Ball 2-0: Called Strike 2-1: Swinging Strike 2-2: SINGLE (Groundball, 15S, EV 67.5 MPH) (infield hit)
|
Batting: RHB Glen Limeburner
|
0-0: Ball 1-0: Ball 2-0: Ball 3-0: Called Strike 3-1: Called Strike 3-2: Foul Ball, location: 2F 3-2: Foul Ball, location: 2F 3-2: Strikes out swinging Noe Oliva steals 2nd base Batter strikes out.
|
Batting: RHB Armando Ramirez
|
0-0: Foul Ball, location: 2F 0-1: Ball 1-1: Ball 2-1: Called Strike 2-2: Foul Ball, location: 2F 2-2: Strikes out looking
|
Bottom of the 5th over - 0 runs, 1 hit, 0 errors, 1 left on base; Lancaster 2 - Richmond 2 |
TOP OF THE 6TH |
Lancaster JetHawks batting - Pitching for Richmond Flying Squirrels : RHP Tony Nateras
|
Batting: LHB Daigo Ishii
|
0-0: Ball 1-0: Ball 2-0: Ball 3-0: Base on Balls
|
Batting: LHB Danny Wolver
|
0-0: Called Strike Daigo Ishii steals 2nd base 0-1: Foul Ball, location: 2F 0-2: Ball 1-2: Ball 2-2: Strikes out swinging
|
Pitching: RHP Chance Robinson
|
|
Batting: RHB Workneh Lagat
|
0-0: Ball Daigo Ishii is caught stealing 3rd base 2-5 1-0: Swinging Strike 1-1: Swinging Strike 1-2: Ground out 3-1 (Groundball, 34S, EV 87.5 MPH)
|
Top of the 6th over - 0 runs, 0 hits, 0 errors, 0 left on base; Lancaster 2 - Richmond 2 |
BOTTOM OF THE 6TH |
Richmond Flying Squirrels batting - Pitching for Lancaster JetHawks : RHP Alexander Hagan
|
Batting: RHB Vinny Torres
|
0-0: Ball 1-0: Swinging Strike 1-1: Ball 2-1: SINGLE (Groundball, 6MD, EV 96.2 MPH)
|
Batting: RHB Tony Harper
|
0-0: Called Strike 0-1: Ball 1-1: Called Strike Vinny Torres steals 2nd base (no throw) 1-2: Strikes out swinging
|
Batting: LHB Oscar Tamayo
|
0-0: Foul Ball, location: 2F 0-1: Ball Vinny Torres is caught stealing 3rd base 2-5 1-1: Called Strike 1-2: Ball 2-2: Strikes out swinging
|
Bottom of the 6th over - 0 runs, 1 hit, 0 errors, 0 left on base; Lancaster 2 - Richmond 2 |
TOP OF THE 7TH |
Lancaster JetHawks batting - Pitching for Richmond Flying Squirrels : RHP Chance Robinson
|
Batting: RHB Alex Campos
|
0-0: Ball 1-0: SINGLE (Groundball, 4D, EV 105.0 MPH)
|
Batting: RHB Evan Fry
|
0-0: DOUBLE (Flyball, 8RXD, EV 98.8 MPH) Alex Campos to third
|
Batting: LHB Bob Govella
|
0-0: Ball 1-0: Called Strike 1-1: Called Strike 1-2: Foul Ball, location: 2F 1-2: Foul Ball, location: 2F 1-2: Foul Ball, location: 2F 1-2: Ball Passed Ball! Alex Campos scores Evan Fry to third 2-2: Foul Ball, location: 2F 2-2: Strikes out swinging
|
Batting: RHB Omar Amaya
|
0-0: Ball 1-0: Foul Ball, location: 2F 1-1: Ball 2-1: Called Strike 2-2: Strikes out swinging
|
Pitching: LHP Jeff Briggs
|
|
Batting: LHB Bob Dietz
|
0-0: Swinging Strike 0-1: Foul Ball, location: 2F 0-2: Foul Ball, location: 2F 0-2: Ball 1-2: Foul Ball, location: 2F 1-2: Strikes out looking
|
Top of the 7th over - 1 run, 2 hits, 0 errors, 1 left on base; Lancaster 3 - Richmond 2 |
BOTTOM OF THE 7TH |
Richmond Flying Squirrels batting - Pitching for Lancaster JetHawks : RHP Alexander Hagan
|
Batting: RHB Jaime Rios
|
0-0: Swinging Strike 0-1: Ball 1-1: Ball 2-1: Called Strike 2-2: Foul Ball, location: 2F 2-2: Ball 3-2: Base on Balls
|
Batting: LHB Alex Larangho
|
0-0: Called Strike 0-1: Swinging Strike 0-2: Strikes out swinging
|
Pinch Hitting: RHB Harry Dickson
|
0-0: Called Strike 0-1: Ball 1-1: Ball 2-1: Ball 3-1: Foul Ball, location: 2F 3-2: Strikes out swinging
|
Pitching: LHP Manny Gonzales
|
|
Pinch Hitting: RHB Malik Sharpless
|
0-0: Called Strike 0-1: Swinging Strike 0-2: Ball 1-2: Ball 2-2: Strikes out looking
|
Bottom of the 7th over - 0 runs, 0 hits, 0 errors, 1 left on base; Lancaster 3 - Richmond 2 |
TOP OF THE 8TH |
Lancaster JetHawks batting - Pitching for Richmond Flying Squirrels : LHP Jeff Briggs
|
Pitching: RHP Mike Zambrano Jr.
|
|
Now in LF: Harry Dickson
|
|
Now in CF: Vinny Torres
|
|
Now in RF: Kuan Hsia
|
|
Batting: RHB Bruce Bermudez
|
0-0: Called Strike 0-1: Swinging Strike 0-2: Strikes out swinging
|
Batting: LHB Daigo Ishii
|
0-0: Ball 1-0: Swinging Strike 1-1: Called Strike 1-2: Strikes out swinging
|
Batting: LHB Danny Wolver
|
0-0: Ball 1-0: Swinging Strike 1-1: Fly out, F8 (Flyball, 8LD, EV 91.2 MPH)
|
Top of the 8th over - 0 runs, 0 hits, 0 errors, 0 left on base; Lancaster 3 - Richmond 2 |
BOTTOM OF THE 8TH |
Richmond Flying Squirrels batting - Pitching for Lancaster JetHawks : LHP Manny Gonzales
|
Pinch Hitting: LHB Adrian Navarro
|
0-0: Swinging Strike 0-1: Foul Ball, location: 2F 0-2: Strikes out swinging
|
Batting: RHB Armando Ramirez
|
0-0: Ball 1-0: Called Strike 1-1: Swinging Strike 1-2: Strikes out swinging
|
Batting: RHB Vinny Torres
|
0-0: Ball 1-0: Ball 2-0: Swinging Strike 2-1: Swinging Strike 2-2: Ball 3-2: Strikes out swinging, 2-3 out at first.
|
Bottom of the 8th over - 0 runs, 0 hits, 0 errors, 0 left on base; Lancaster 3 - Richmond 2 |
TOP OF THE 9TH |
Lancaster JetHawks batting - Pitching for Richmond Flying Squirrels : RHP Mike Zambrano Jr.
|
Now at 2B: Michael Woodard
|
|
Batting: RHB Workneh Lagat
|
0-0: Ball 1-0: Swinging Strike 1-1: Ground out 4-3 (Groundball, 4, EV 101.2 MPH)
|
Batting: RHB Alex Campos
|
0-0: Called Strike 0-1: Ball 1-1: Called Strike 1-2: Ball 2-2: Ball 3-2: Strikes out swinging
|
Batting: RHB Evan Fry
|
0-0: Ball 1-0: Called Strike 1-1: Ball 2-1: Ball 3-1: Base on Balls
|
Batting: LHB Bob Govella
|
0-0: Fly out, F9 (Flyball, 9, EV 81.9 MPH)
|
Top of the 9th over - 0 runs, 0 hits, 0 errors, 1 left on base; Lancaster 3 - Richmond 2 |
BOTTOM OF THE 9TH |
Richmond Flying Squirrels batting - Pitching for Lancaster JetHawks : LHP Manny Gonzales
|
Pitching: RHP David Sanchez
|
|
Now at 1B: Andrew Pride
|
|
Batting: RHB Tony Harper
|
0-0: SINGLE (Flyball, 89D, EV 101.2 MPH)
|
Batting: LHB Oscar Tamayo
|
0-0: Called Strike 0-1: Ball 1-1: Grounds into double play, 4-6-3 (Groundball, 34, EV 106.9 MPH)
|
Batting: RHB Jaime Rios
|
0-0: Ball 1-0: Ball 2-0: Ball 3-0: Called Strike 3-1: Called Strike 3-2: Foul Ball, location: 2F 3-2: Base on Balls
|
Batting: LHB Alex Larangho
|
0-0: Ball 1-0: Ball 2-0: Ball 3-0: Called Strike 3-1: Ground out U3 (Groundball, 3L, EV 104.4 MPH)
|
Bottom of the 9th over - 0 runs, 1 hit, 0 errors, 1 left on base; Lancaster 3 - Richmond 2 |
|